 Dungeon Crawl Stone Soup version 0.18-a0-329-g5b4d444 (webtiles) character file.

13715 Ordine the Transmogrifier (level 11, -1/138 HPs)
             Began as a Purple Draconian Transmuter on Nov 28, 2015.
             Was a High Priest of Cheibriados.
             Slain by a hell rat (7 damage)
             ... on level 2 of the Lair of Beasts.
             The game lasted 01:01:48 (15542 turns).

Ordine the Transmogrifier (DrTm)                   Turns: 15542, Time: 01:01:51

Health: -1/138     AC: 25    Str: 25    XL:     11   Next: 79%
Magic:  0/24       EV:  2    Int: 30    God:    Cheibriados [*****.]
Gold:   235        SH:  0    Dex: 25    Spells: 7 memorised, 8 levels left

rFire  . . .     SeeInvis .       - Unarmed
rCold  . . .     Clarity  .     (armour unavailable)
rNeg   + + +     SustAt   .     (no shield)
rPois  +         Gourm    .     (helmet currently unavailable)
rElec  .         Spirit   +     (cloak currently unavailable)
rCorr  .         Warding  .     (gloves currently unavailable)
rMut   .         NoTele   +     (boots currently unavailable)
MR     +....                    o - amulet of guardian spirit
Stlth  ++........               (no ring)
                                (no ring)

@: tree-form, repel missiles, drained, very slow, somewhat resistant to hostile
enchantments, unstealthy
A: (breathe power), unfitting armour, (cold-blooded), AC +7
a: Bend Time, Temporal Distortion, Slouch, Step From Time, Renounce Religion


You were on level 2 of the Lair of Beasts.
You worshipped Cheibriados.
Cheibriados was extremely pleased with you.
You were hungry.
You were a tree.
You visited 3 branches of the dungeon, and saw 13 of its levels.
You also visited: Ossuary.

You collected 675 gold pieces.
You spent 440 gold pieces at shops.

Inventory:

Armour
 f - the -1 shield of Hysteria {Int+4}
   (You found it on level 9 of the Dungeon)

   It affects your intelligence (+4).
 h - a +1 cloak (melded)
 k - a +1 hat
 x - a +2 pair of boots (melded)
Magical Staves
 l - an uncursed staff of death
Jewellery
 i - an uncursed ring of teleportation
 o - an amulet of guardian spirit (around neck)
Wands
 v - a wand of fire (10)
 z - a wand of disintegration (13)
Scrolls
 d - a scroll of amnesia
 m - a scroll of enchant weapon
 n - 2 scrolls of enchant armour
 p - a scroll of remove curse
 s - a scroll of magic mapping
 D - a scroll of immolation
Potions
 e - 2 potions of brilliance
 r - a potion of cure mutation
 u - 5 potions of might
 w - a potion of cancellation
 F - a potion of lignification
Books
 b - a book of Changes

   Spells                             Type                      Level
   a - Beastly Appendage              Transmutation                1
   b - Sticks to Snakes               Transmutation                2
   c - Spider Form                    Transmutation/Poison         3
   d - Ice Form                       Ice/Transmutation            4
   e - Blade Hands                    Transmutation                5
 g - a book of Callings

   Spells                             Type                      Level
   a - Summon Small Mammal            Summoning                    1
   b - Call Imp                       Summoning                    2
   c - Call Canine Familiar           Summoning                    3
   d - Summon Guardian Golem          Hexes/Summoning              3
   e - Summon Lightning Spire         Summoning/Air                4
   f - Summon Ice Beast               Ice/Summoning                4
 t - a book of Power

   Spells                             Type                      Level
   a - Fulminant Prism                Conjuration/Hexes            4
   b - Iskenderun's Mystic Blast      Conjuration                  4
   c - Venom Bolt                     Conjuration/Poison           5
   d - Bolt of Magma                  Conjuration/Fire/Earth       5
   e - Iron Shot                      Conjuration/Earth            6
   f - Orb of Destruction             Conjuration                  7
   g - Spellforged Servitor           Conjuration/Summoning        7
 y - the Collected Works on Dislocation
   (You found it on level 7 of the Dungeon)

   Spells                             Type                      Level
   a - Apportation                    Translocation                1
   b - Gell's Gravitas                Hexes/Translocation          3
   c - Portal Projectile              Translocation                3
   d - Teleport Other                 Translocation                3
   e - Warp Weapon                    Charms/Translocation         5
   f - Summon Forest                  Summoning/Translocation      5
 A - a book of Minor Magic

   Spells                             Type                      Level
   a - Magic Dart                     Conjuration                  1
   b - Blink                          Translocation                2
   c - Call Imp                       Summoning                    2
   d - Repel Missiles                 Charms/Air                   2
   e - Slow                           Hexes                        2
   f - Conjure Flame                  Conjuration/Fire             3
   g - Mephitic Cloud                 Conjuration/Poison/Air       3
 H - a book of Party Tricks

   Spells                             Type                      Level
   a - Summon Butterflies             Summoning                    1
   b - Apportation                    Translocation                1
   c - Tukima's Dance                 Hexes                        3
   d - Alistair's Intoxication        Transmutation/Poison         4
   e - Invisibility                   Hexes                        6
Miscellaneous
 q - a sack of spiders {used: 1}
 C - a box of beasts {used: 1}
Comestibles
 a - 5 meat rations
 c - a bread ration
 B - a beef jerky
 G - a chunk of flesh


   Skills:
 + Level 7.0(5.9) Fighting
 + Level 6.8(5.7) Dodging
 - Level 10.0(8.7) Unarmed Combat
 - Level 9.0(7.8) Spellcasting
 - Level 10.0(8.8) Transmutations
 * Level 5.9(4.7) Invocations


You had 8 spell levels left.
You knew the following spells:

 Your Spells              Type           Power        Failure   Level  Hunger
a - Spider Form           Trmt/Pois      #####.....   2%          3    None
b - Ice Form              Ice/Trmt       #####...     10%         4    #......
c - Blade Hands           Trmt           ######....   3%          5    ####...
d - Apportation           Tloc           ##........   6%          1    None
e - Blink                 Tloc           N/A          10%         2    None
f - Teleport Other        Tloc           ##......     17%         3    None
g - Repel Missiles        Chrm/Air       ##....       10%         2    None


Dungeon Overview and Level Annotations

Branches:
Dungeon (10/15)            Temple (1/1) D:5            Lair (2/8) D:9
    Orc (0/4) D:10

Altars:
Ashenzari
Cheibriados
Dithmenos
Elyvilon
Fedhas
Gozag
Kikubaaqudgha
Makhleb
Nemelex Xobeh
Okawaru
Qazlal
Ru
Sif Muna
Trog
Vehumet
Xom
Yredelemnul
Zin
The Shining One
Beogh

Shops:
D:10 }


Innate Abilities, Weirdness & Mutations

((You can breathe bolts of dispelling energy.))
((Your rich purple scales are hard (AC +7).))
Your body does not fit into most forms of armour.
((You are cold-blooded and may be slowed by cold attacks.))


Message History

You assume a fearsome visage.
The hell rat is unaffected.
The elephant resists with almost no effort.
The hell rat misses you.
An elephant comes into view.
Read which item? (? for menu, Esc to quit)
As you read the scroll of teleportation, it crumbles to dust.
You feel strangely unstable. The hell rat closely misses you.
The elephant misses you. The elephant trunk-slaps you.
* * * LOW HITPOINT WARNING * * *
Unknown command.
Read which item? (? for menu, Esc to quit)
Okay, then.
Drink which item? (? for menu, Esc to quit)
It was a potion of lignification.
You turn into a tree.
Your +1 cloak melds into your body.
Your +2 pair of boots melds into your body.
Your roots penetrate the ground.
You feel strangely stable.
The elephant trumpets!
The hell rat bites you!
You die...

PP##.#.##....# ## .......
##.#..##....# ##. .......
......##....# #..
........#...........# #..
....... #...........# #..
....... #.....##....####.
....... ..#.##.....# #.
.......######.##....####.
.......r♣.†..............
..Y....Y...†.............
#P#..##.#.#.#########.###
## ##.#### ####. ## ##


You could see 2 elephants and a hell rat.

Vanquished Creatures
  Gastronok (Lair:2)
  A hydra (Lair:2)
  Sonja (Lair:2)
  Nergalle (Lair:2)
  A black mamba (Lair:1)
  2 komodo dragons (Lair:1)
  2 trolls (D:9)
  2 deep elf magi
  A basilisk (Lair:2)
  8 yaks
  2 hippogriffs (Lair:1)
  2 hungry ghosts (D:9)
  6 wolves (D:9)
  7 porcupines
  2 wasps
  3 ogres
  3 sky beasts
  3 phantoms
  A water moccasin (Lair:1)
  A necrophage (D:8)
  8 centaurs
  An ice beast (D:9)
  A crocodile (Lair:1)
  4 orc warriors
  An elf zombie (Ossuary)
  3 giant frogs
  3 big kobolds
  3 scorpions
  A wyvern zombie (D:8)
  3 wights (D:9)
  3 killer bees (D:7)
  2 quasits
  2 crimson imps
  12 hounds
  A wasp zombie (D:9)
  2 giant frog skeletons
  10 orc priests
  A centaur skeleton (D:7)
  3 giant frog zombies
  9 iguanas
  2 jellies
  6 sheep (Lair:1)
  5 worker ants
  5 orc wizards
  2 hound zombies
  3 mummies (Ossuary)
  7 adders
  A worker ant zombie (D:10)
  4 gnolls (D:5)
  23 river rats
  3 shadow imps
  An adder skeleton (D:9)
  3 adder zombies (Ossuary)
  3 worms
  35 orcs
  A ball python (D:6)
  4 goblins
  3 hobgoblins
  3 quokkas
  8 bats
  6 giant cockroaches
  4 giant geckos
  8 giant newts
  3 goblin zombies (Ossuary)
  5 hobgoblin zombies (Ossuary)
  17 jackals
  20 kobolds
  A quokka skeleton (D:5)
  3 quokka zombies (Ossuary)
  16 rats
  3 rat zombies (Ossuary)
331 creatures vanquished.

Vanquished Creatures (collateral kills)
  A phantom (D:9)
  2 electric eels (D:9)
3 creatures vanquished.

Vanquished Creatures (others)
  A fungus (Lair:2)
1 creature vanquished.

Grand Total: 335 creatures vanquished

Notes
Turn   | Place    | Note
--------------------------------------------------------------
     0 | D:1      | Ordine the Draconian Transmuter began the quest for the Orb.
     0 | D:1      | Reached XP level 1. HP: 16/16 MP: 3/3
   934 | D:2      | Reached XP level 2. HP: 23/23 MP: 5/5
  1078 | D:2      | Found a bloodstained altar of Trog.
  1078 | D:2      | Noticed a moth of wrath
  1548 | D:2      | HP: 1/23 [worm (10)]
  1558 | D:2      | Reached XP level 3. HP: 9/28 MP: 6/6
  1832 | D:2      | Learned a level 3 spell: Spider Form
  2200 | D:2      | Reached skill level 4 in Transmutations
  2502 | D:3      | Reached XP level 4. HP: 35/35 MP: 7/7
  3363 | D:4      | Reached skill level 5 in Transmutations
  3363 | D:4      | Reached XP level 5. HP: 16/40 MP: 8/8
  3550 | D:4      | Found a sand-covered staircase.
  3555 | Ossuary  | Entered an ossuary
  3700 | Ossuary  | Reached skill level 6 in Transmutations
  3700 | Ossuary  | Reached XP level 6. HP: 14/47 MP: 9/9
  3963 | Ossuary  | Learned a level 4 spell: Ice Form
  4310 | D:5      | Entered Level 5 of the Dungeon
  4321 | D:5      | Found a staircase to the Ecumenical Temple.
  4327 | Temple   | Entered the Ecumenical Temple
  4549 | D:5      | Reached skill level 7 in Transmutations
  4936 | D:5      | Your scales start taking on a rich purple colour.
  4936 | D:5      | Reached XP level 7. HP: 22/52 MP: 10/10
  5410 | D:5      | Reached skill level 8 in Transmutations
  5936 | D:6      | Reached skill level 9 in Transmutations
  6271 | D:6      | Reached XP level 8. HP: 57/59 MP: 11/11
  6872 | D:6      | Reached skill level 10 in Transmutations
  7078 | D:7      | Learned a level 5 spell: Blade Hands
  7125 | D:7      | Found an ancient bone altar of Kikubaaqudgha.
  7881 | D:7      | Identified the Collected Works on Dislocation
  7884 | D:7      | Learned a level 1 spell: Apportation
  8073 | D:7      | Reached skill level 5 in Unarmed Combat
  8352 | D:8      | Reached XP level 9. HP: 57/69 MP: 15/15
  8368 | D:8      | Learned a level 2 spell: Repel Missiles
  8636 | D:8      | Found a snail-covered altar of Cheibriados.
  8636 | D:8      | Found a glowing golden altar of the Shining One.
  8644 | D:8      | Became a worshipper of Cheibriados the Contemplative
  9092 | D:8      | Reached skill level 5 in Spellcasting
  9838 | D:8      | Reached * piety under Cheibriados
 10199 | D:9      | Found a staircase to the Lair.
 10452 | D:9      | Reached skill level 5 in Fighting
 11165 | D:9      | Reached XP level 10. HP: 77/81 MP: 16/19
 11185 | D:9      | Got a shimmering shield
 11191 | D:9      | Identified the cursed -1 shield of Hysteria {Int+4} (You found it on level 9 of the Dungeon)
 11326 | D:9      | Found a shattered altar of Ashenzari.
 11508 | D:9      | Reached ** piety under Cheibriados
 12399 | D:9      | Learned a level 2 spell: Blink
 12403 | D:9      | Learned a level 3 spell: Teleport Other
 12573 | D:10     | Entered Level 10 of the Dungeon
 12645 | D:10     | Reached skill level 10 in Unarmed Combat
 12705 | D:10     | Reached *** piety under Cheibriados
 12935 | D:10     | Found a roughly hewn altar of Beogh.
 12999 | D:10     | Reached **** piety under Cheibriados
 13178 | D:10     | Found a staircase to the Orcish Mines.
 13225 | D:10     | Found Qishrol's Gadget Shop.
 13239 | D:10     | Bought a sack of spiders for 220 gold pieces
 13239 | D:10     | Bought a box of beasts for 220 gold pieces
 13626 | Lair:1   | Entered Level 1 of the Lair of Beasts
 13919 | Lair:1   | Reached XP level 11. HP: 78/88 MP: 21/23
 14204 | Lair:1   | Reached ***** piety under Cheibriados
 14252 | Lair:1   | Reached skill level 5 in Dodging
 14909 | Lair:2   | Reached skill level 1 in Invocations
 14914 | Lair:2   | Noticed Sonja
 14924 | Lair:2   | Killed Sonja
 15227 | Lair:2   | Noticed a seven-headed hydra
 15236 | Lair:2   | Killed a seven-headed hydra
 15306 | Lair:2   | Noticed Nergalle
 15317 | Lair:2   | Killed Nergalle
 15502 | Lair:2   | Noticed Gastronok
 15516 | Lair:2   | Killed Gastronok
 15516 | Lair:2   | Reached skill level 5 in Invocations
 15538 | Lair:2   | HP: 1/92 [hell rat (5)]
 15542 | Lair:2   | Slain by a hell rat

Vault maps used:
D:1:      dpeg_arrival_round_a, serial_park_tiny_2
D:2:      grunt_ministairs_3, minmay_misc_feat_hallway, tgw_trog
D:4:      enter_ossuary_2
D:5:      minmay_temple_entry_enclosed_plants, gup_sewer_entry_bubbles,
          first_bread
D:7:      basic_altar
D:8:      minitemple, st_stairs_11
D:9:      evilmike_ruin_ashenzari, erik_lair_island
D:10:     david_orc_5, serial_shops, shop
Temple:   nicolae_temple_elliptical
Lair:1:   infiniplex_staircase_pool_2
Lair:2:   kennysheep_rathole, uniq_nergalle, uniq_gastronok, uniq_sonja
Ossuary:  ossuary_minmay_chase

Action                   |  1- 3 |  4- 6 |  7- 9 | 10-12 || total
-------------------------+-------+-------+-------+-------++-------
Melee: Unarmed           |   163 |   280 |   610 |   362 ||  1415
 Cast: Beastly Appendage |     7 |       |       |       ||     7
       Spider Form       |       |     1 |    14 |       ||    15
       Blade Hands       |       |       |     6 |    22 ||    28
       Repel Missiles    |       |       |     2 |     4 ||     6
       Ice Form          |       |       |     1 |     2 ||     3
       Teleport Other    |       |       |       |     4 ||     4
Invok: Temporal Distorti |       |       |       |     2 ||     2
 Abil: Evoke Berserk Rag |     3 |     8 |     5 |       ||    16
       Breathe Dispellin |       |       |     6 |     4 ||    10
Evoke: Sack of spiders   |       |       |       |     2 ||     2
       Box of beasts     |       |       |       |     1 ||     1
  Use: Scroll            |     8 |     8 |     6 |     6 ||    28
       Potion            |     2 |       |     2 |     6 ||    10
 Stab: Sleeping          |       |       |       |     4 ||     4
  Eat: Chunk             |     6 |    10 |    13 |     6 ||    35
       Fruit             |       |     4 |     3 |       ||     7
       Pizza             |       |     1 |     2 |       ||     3
       Bread ration      |       |       |     2 |     2 ||     4
